 Dungeon Crawl Stone Soup version 0.25.1-8-g42b30a86e7 (webtiles) character file.

Game seed: 4606256372213059124

121 Mattiprrivan the Skirmisher (level 4, -20/45 HPs)
             Began as a Deep Dwarf Wanderer on Dec 26, 2020.
             Was an Initiate of Ru.
             Demolished by an ogre
             ... wielding a +0 giant club
              (23 damage)
             ... on level 4 of the Dungeon.
             The game lasted 00:35:11 (2384 turns).

Mattiprrivan the Skirmisher (Deep Dwarf Wanderer)   Turns: 2384, Time: 00:35:11

Health: -20/45     AC:  5    Str: 16    XL:     4   Next: 76%
Magic:  3/3        EV: 10    Int: 13    God:    Ru [......]
Gold:   157        SH:  0    Dex: 12    Spells: 4/4 levels left

rFire    . . .     SeeInvis .   a - +2 falchion
rCold    . . .     Gourm    .   (no shield)
rNeg     . . .     Faith    .   e - +0 ring mail
rPois    +         Spirit   .   (no helmet)
rElec    .         Reflect  .   (no cloak)
rCorr    .         Harm     .   (no gloves)
MR       .....                  (no boots)
Stlth    +.........             (no amulet)
HPRegen  0.00/turn              h - ring of poison resistance
MPRegen  0.08/turn              (no ring)

@: about to teleport, non-regenerating
A: damage resistance, heal wounds, sense surroundings 1, no regeneration
a: Heal Wounds, Renounce Religion


You were on level 4 of the Dungeon.
You worshipped Ru.
Ru was noncommittal.
You were full.

You visited 1 branch of the dungeon, and saw 4 of its levels.

You collected 157 gold pieces.

Inventory:

Hand Weapons
 a - a +2 falchion (weapon)
 f - a +0 hunting sling
 l - a +0 vorpal hand axe
Missiles
 g - 74 stones (quivered)
Armour
 e - a +0 ring mail (worn)
Jewellery
 h - a ring of poison resistance (left hand)
Scrolls
 d - a scroll of identify
 j - 3 scrolls of remove curse
Potions
 b - 2 potions of lignification
 c - 2 potions of curing
 m - a potion of haste
 o - a potion of berserk rage
Comestibles
 i - 3 rations


   Skills:
 + Level 4.8 Fighting
 * Level 2.4 Long Blades
 * Level 1.3 Axes
 * Level 0.4(0.9) Slings
 * Level 0.8(0.9) Throwing
 * Level 2.9 Armour
 * Level 0.6 Dodging
 * Level 1.5 Stealth
   Level 1.1 Shields
 - Level 0.8 Spellcasting
   Level 1.3 Evocations


You had 4 spell levels left.
You didn't know any spells.
Your spell library was empty.

Dungeon Overview and Level Annotations

Branches:
Dungeon (4/15)
 Temple: D:4-7

Altars:
Elyvilon
Ru
Vehumet
Yredelemnul


Innate Abilities, Weirdness & Mutations

You are resistant to damage.
You can heal yourself by infusing magical energy.
You passively map a small area around you.
You do not regenerate.


Message History

Press: ? - help, Shift-Dir - straight line, f/p - ogre
Aim: an ogre, wielding a +0 giant club (poisoned)
You throw a poisoned dart. The poisoned dart hits the ogre.
The ogre looks even sicker.
You hit the ogre.
The ogre is lightly wounded.
The ogre hits you with a +0 giant club!!
You closely miss the ogre.
The ogre is lightly wounded.
The ogre hits you with a +0 giant club!!
Ouch! That really hurt!
* * * LOW HITPOINT WARNING * * *
You hit the ogre.
The ogre is heavily wounded.
The ogre closely misses you.
As you read the scroll of teleportation, it crumbles to dust.
You feel strangely unstable.
The ogre hits you with a +0 giant club!!
Ouch! That really hurt!
You die...

##.## *
##...####
##.......+,
#.......#*
, #.......#
, #......<#
* , ,
##.....##
,, *
#....## *
#@#### #O#
#.# #.# #.#
...* .#( *
* . ( , *


You could see an ogre (poisoned).

Vanquished Creatures
  2 adders
  A gnoll (D:1)
  An ooze (D:1)
  A worm (D:2)
  3 dart slugs
  3 leopard geckos
  An orc (D:3)
  11 bats
  2 giant cockroaches (D:1)
  13 goblins
  5 hobgoblins
  5 jackals
  9 kobolds
  2 ball pythons (D:3)
  4 frilled lizards
  10 rats
73 creatures vanquished.

Notes
Turn   | Place    | Note
-------+----------+-------------------------------------------
     0 | D:1      | Mattiprrivan the Deep Dwarf Wanderer began the quest for
                  | the Orb.
     0 | D:1      | Mattiprrivan set off with the following items: a +2
                  | falchion, 2 potions of lignification, a +0 robe, a ration
     0 | D:1      | Reached XP level 1. HP: 24/24 MP: 2/2
    86 | D:1      | Reached XP level 2. HP: 28/31 MP: 3/3
   226 | D:1      | Reached skill level 1 in Stealth
   350 | D:1      | Reached XP level 3. HP: 37/37 MP: 3/3
   671 | D:1      | Reached skill level 1 in Axes
   861 | D:2      | Found a radiant altar of Vehumet.
  1013 | D:2      | Found a sacrificial altar of Ru.
  1031 | D:2      | Reached XP level 4. HP: 41/45 MP: 3/3
  1035 | D:2      | Became a worshipper of Ru the Awakened
  1774 | D:3      | Found a basalt altar of Yredelemnul.
  2050 | D:3      | Found a white marble altar of Elyvilon.
  2374 | D:4      | Noticed an ogre
  2384 | D:4      | Demolished by an ogre

Illustrated notes

Levels and vault maps discovered:
D:1:      dpeg_arrival_simpleton_a, layout_loops_ring, minmay_circled_x
D:2:      layout_basic, nicolae_overflow_hidden_temple,
          nicolae_ru_great_annihilating_truth
D:3:      layout_loops_corners, kennysheep_ying_yang
D:4:      layout_loops_corners, tso_oasis_becter, kennysheep_mini_moat,
          first_ration, uniq_natasha

Skill      XL: |  1  2  3 |
---------------+----------+-----
Stealth        | 1 |  1.5
Axes           | 1 |  1.3
Long Blades    | 2 |  2.4
Fighting       | |  4.8
Slings         | |  0.4
Throwing       | |  0.8
Armour         | |  2.9
Dodging        | |  0.6
Shields        | |  1.1
Spellcasting   | |  0.8
Evocations     | |  1.3

Action                   |  1- 3 |  4- 6 || total
-------------------------+-------+-------++-------
Melee: Falchion          |   143 |    96 ||   239
Throw: Stone             |       |    10 ||    10
       Dart              |       |     3 ||     3
 Abil: Heal Wounds       |     3 |     4 ||     7
  Use: Scroll            |     6 |     5 ||    11
       Potion            |     2 |     1 ||     3
 Stab: Paralysed         |     2 |       ||     2
       Sleeping          |       |     1 ||     1
  Eat: Ration            |     2 |     1 ||     3
Armor: Ring mail         |    54 |    28 ||    82
       Skin              |     6 |       ||     6
Dodge: Dodged            |    74 |    41 ||   115
       Rpst.: Falchion   |    21 |    11 ||    32
